 Dungeon Crawl Stone Soup version 0.31-a0-325-g067879e3d3 (webtiles) character file.

Game seed: 3538348238127270177

728 NinjaNoafa the Changeling (level 7, 0/50 HPs)
             Began as a Merfolk Shapeshifter on July 18, 2023.
             Slain by a gnoll
             ... wielding a +2 halberd of flaming
             ... led by a gnoll bouda
              (6 damage)
             ... on level 4 of the Dungeon.
             The game lasted 00:10:54 (3743 turns).

NinjaNoafa the Changeling (Merfolk Shapeshifter)    Turns: 3743, Time: 00:10:55

Health: 0/50       AC:  7    Str: 17    XL:     7   Next: 72%
Magic:  0/7        EV: 12    Int:  8    God:
Gold:   168        SH:  0    Dex: 10    Spells: 6/6 levels left

rFire   . .          .
                       - Unarmed
rCold   . . .        (no shield)
rNeg    . . .        A - +0 leather armour
rPois   .            m - melded +2 helmet
rElec   .            v - melded +1 cloak
rCorr   .            (gloves currently unavailable)
SInv    .            (boots currently unavailable)
Will    .....        i - amulet of guardian spirit
Stlth   +            g - +4 ring of protection
HPRegen 0.28/turn    (no ring)
MPRegen 0.10/turn

%: clarity, guardian spirit
@: beast-form
A: beast (slay +4), (nimble swimmer 2), mertail, clarity, clumsy 2
a: Begin Untransformation


You were on level 4 of the Dungeon.
You were a hulking beast.
You visited 1 branch of the dungeon, and saw 6 of its levels.
You also visited: Sewer.

You collected 168 gold pieces.

Inventory:

Hand Weapons
 a - a +2 short sword of speed
Missiles
 l - 10 boomerangs
 q - 8 javelins
 r - 8 poisoned darts
Armour
 m - a +2 helmet (melded)
 v - a +1 cloak (melded)
 A - a +0 leather armour (worn)
Jewellery
 g - a +4 ring of protection (left hand)
 i - an amulet of guardian spirit (around neck)
Talismans
 c - a beast talisman
Wands
 x - a wand of paralysis (6)
Scrolls
 e - 2 scrolls of fog {unknown}
 f - a scroll of noise {unknown}
 h - 5 scrolls of teleportation
 k - a scroll of vulnerability {unknown}
 o - a scroll of enchant armour {unknown}
 p - a scroll of blinking {unknown}
 t - a scroll of immolation {unknown}
 y - 3 scrolls of torment {unknown}
 z - a scroll of amnesia {unknown}
Potions
 n - 4 potions of enlightenment
 s - a potion of curing {unknown}
 u - a potion of ambrosia {unknown}


   Skills:
 - Level 2.1 Fighting
 + Level 4.7 Short Blades
 - Level 2.6 Dodging
 - Level 5.8 Unarmed Combat
 + Level 0.4 Hexes
 + Level 0.5 Ice Magic
 - Level 6.7 Shapeshifting


You had 6 spell levels left.
You didn't know any spells.
Your spell library contained the following spells:

 Spells                   Type           Power      Damage    Failure   Level
 Ensorcelled Hibernation  Hex/Ice        0%         N/A       54%         2
 Passwall                 Tmut/Erth      0%         N/A       63%         2
 Swiftness                Air            0%         N/A       85%         3


Dungeon Overview and Level Annotations

Branches:
Dungeon (6/15) Zot: 26083   Sewer (visited)
 Temple: D:4-7

Altars:
Fedhas

Annotations:
D:5 Eustachio


Innate Abilities, Weirdness & Mutations

You are a hulking beast.
Your limbs bulge with bestial killing power. (Slay +4)
((You are very nimble when in or above water. (Stealth+, EV+, Speed+++)))
Your lower body shifts to a powerful aquatic tail in water.
You possess an exceptional clarity of mind.
You are very clumsy. (Dex -4)


Message History

Unknown command.
Unknown command.
You closely miss the gnoll bouda.
Your attacks no longer feel as feeble.
The gnoll is no longer moving quickly.
The gnoll barely misses you.
The gnoll bouda hits you but does no damage.
You punch the gnoll bouda!
You kill the gnoll bouda!
The gnoll barely misses you.
The gnoll hits you from afar with a +0 spear.
* * * LOW HITPOINT WARNING * * *
The gnoll misses you.
Things that are here:
a +0 whip; a +0 leather armour You take 3 damage, and have 18/50 hp.
You hit the gnoll. The gnoll misses you. The gnoll closely misses you.
Unknown command.
You closely miss the gnoll.
The gnoll hits you from afar with a +0 spear.
* * * LOW HITPOINT WARNING * * *
The gnoll hits you with a +2 halberd of flaming.
* * * LOW HITPOINT WARNING * * *
The gnoll burns you.
* * * LOW HITPOINT WARNING * * *
You take 8 damage, and have 10/50 hp.
You now have 2/7 mp.
You hit the gnoll.
The gnoll hits you from afar with a +0 spear.
* * * LOW HITPOINT WARNING * * *
The gnoll closely misses you.
You take 2 damage, and have 8/50 hp.
You now have 1/7 mp.
Unknown command.
Unknown command.
It was a potion of magic.
Magic courses through your body.
The gnoll hits you from afar with a +0 spear.
* * * LOW HITPOINT WARNING * * *
The gnoll closely misses you.
You take 2 damage, and have 6/50 hp.
You regained 4 mp, and now have 5/7 mp.
You barely miss the gnoll. The gnoll closely misses you.
The gnoll hits you with a +2 halberd of flaming!
You die...

.###.....###.........####.#⌠#....
.# #.......'.........'...[###....
.# #.....###.........####)....#..
.# #.#.#.# ##.......## #..#)##.g
.# #.###.# ##.....## #.##..... .#
#.# #.# ##...## ##.###.#.
.###.###.# ##'## ##)..##.
.........# #.# #########.....
####.##### #h# #....gg....### #.#
#####g###.###......# ##.##
#....g....# #.._...# ##.#.##
#.#.....#.###.....##
##.###.#####.##...##.........#
#.## ##......###.#####.##.#..#
##.###.####### ### #.......#
##.#.## ######### ##.##


You could see 2 gnolls.

Vanquished Creatures
  2 black bears
  An ogre (D:1)
  A gnoll bouda (D:4)
  3 orc wizards (D:4)
  A sickly merfolk siren (Sewer)
  A malarious merfolk avatar (Sewer)
  7 gnolls
  11 adders
  3 river rats
  An ufetubus (D:6)
  2 worms (D:3)
  A dart slug (D:1)
  8 orcs (D:4)
  7 endoplasms
  7 giant cockroaches
  7 goblins
  7 hobgoblins
  4 quokkas
  14 ball pythons
  5 bats
  7 frilled lizards
  8 kobolds
  27 rats
135 creatures vanquished.

Notes
Turn   | Place    | Note
-------+----------+-------------------------------------------
     0 | D:1      | NinjaNoafa the Merfolk Shapeshifter began the quest for the
                  | Orb.
     0 | D:1      | Reached XP level 1. HP: 16/16 MP: 1/1
   227 | D:1      | Reached XP level 2. HP: 14/22 MP: 2/2
   499 | D:1      | Reached XP level 3. HP: 14/27 MP: 3/3
   697 | D:2      | Noticed an ogre
   773 | D:1      | Killed an ogre
   774 | D:1      | Reached skill level 5 in Shapeshifting
   774 | D:1      | Reached XP level 4. HP: 26/33 MP: 2/4
  1016 | D:2      | Reached XP level 5. HP: 36/38 MP: 5/5
  1047 | D:2      | Found a faded altar of an unknown god.
  1199 | D:2      | Noticed a black bear
  1208 | D:2      | Killed a black bear
  1424 | D:3      | Reached skill level 6 in Shapeshifting
  1424 | D:3      | Reached XP level 6. HP: 44/44 MP: 6/6
  1428 | D:3      | Reached skill level 5 in Unarmed Combat
  1470 | D:3      | Found a glowing drain.
  1474 | Sewer    | Entered a sewer
  2408 | D:4      | Reached XP level 7. HP: 50/50 MP: 7/7
  2692 | D:4      | You fall into a shaft and drop 2 floors!
  2757 | D:5      | Entered Level 5 of the Dungeon
  2757 | D:5      | Noticed Eustachio
  3047 | D:4      | Found a blossoming altar of Fedhas.
  3727 | D:4      | Gained mutation: You are clumsy. (Dex -2) [potion of
                  | mutation]
  3727 | D:4      | Gained mutation: You possess an exceptional clarity of
                  | mind. [potion of mutation]
  3727 | D:4      | Gained mutation: You are very clumsy. (Dex -4) [potion of
                  | mutation]
  3743 | D:4      | Slain by a gnoll

Illustrated notes

Levels and vault maps discovered:
D:1:      minmay_arrival_semitransparent, layout_basic
D:2:      layout_loops_ring, basic_ecumenical_altar, grunt_ministairs_6
D:3:      layout_rooms, gup_sewer_entry_spiral, minmay_goblin_outpost
D:4:      layout_loops_corners, fedhas_altar_1, feat_on_display
D:5:      layout_loops_ring, serial_shops, nicolae_shop_back_alley_shop,
          uniq_eustachio, uniq_crazy_yiuf_cottage, uniq_ijyb
D:6:      layout_gridville, tgw_kikubaaqudgha, kennysheep_little_box,
          temple_green, nicolae_concentric_dashed_squares_wild,
          nrook_mini_vaults, uniq_menkaure

Skill      XL: |  1  2  3  4  5  6  7 |
---------------+----------------------+-----
Unarmed Combat | 3 4 5 |  5.8
Shapeshifting  | 5 6 |  6.7
Short Blades   | 4 |  4.7
Fighting       | |  2.1
Dodging        | |  2.6
Hexes          | |  0.4
Ice Magic      | |  0.5

Action                     |  1- 3 |  4- 6 |  7- 9 || total
---------------------------+-------+-------+-------++-------
  Melee: Unarmed           |    52 |   154 |     7 ||   213
         Punch             |     1 |     2 |     8 ||    11
         Tailslap          |       |     6 |       ||     6
         Short sword       |       |     1 |   205 ||   206
    Use: Potion            |     1 |       |     3 ||     4
         Scroll            |       |     1 |       ||     1
   Stab: Sleeping          |       |     8 |     1 ||     9
 Armour: Animal skin       |    11 |    44 |    66 ||   121
         Skin              |     1 |       |       ||     1
         Leather armour    |       |       |    17 ||    17
  Dodge: Dodged            |    36 |   116 |   133 ||   285
         Form:             |     4 |     1 |     1 ||     6
         Beast             |     4 |       |     2 ||     6

Table legend: (Time is in decaauts)
 A = Elapsed time spent in this place.
 B = Non-inter-level travel time spent in this place.
 C = Inter-level travel time spent in this place.
 D = Time resting spent in this place.
 E = Time spent auto-exploring this place.
 F = Levels seen in this place.
 G = Mean time per level.
                   A        B        C        D        E       F      G
               +--------+--------+--------+--------+--------+-----+--------+
         Total |   3548 |   3193 |    355 |    128 |   1914 |   7 |  506.9 |
       Dungeon |   3310 |   2955 |    355 |    128 |   1816 |   6 |  551.7 |
         Sewer |    238 |    238 |      0 |      0 |     97 |   1 |  238.0 |
               +--------+--------+--------+--------+--------+-----+--------+

Top non-repeatable levels by time:
     D:4: 1270 daAuts
     D:1: 790 daAuts
     D:2: 616 daAuts
     D:3: 564 daAuts
   Sewer: 238 daAuts
     D:6: 59 daAuts
     D:5: 9 daAuts
